[Event "Anderssen Festival 2019"]
[Site "Wroclaw"]
[Date "2019.08.05"]
[Round "1.4"]
[White "Lalic, Bogdan"]
[Black "Passin, Connor"]
[Result "1-0"]
[ECO "A35"]
[WhiteElo "2411"]
[BlackElo "1639"]
[Annotator "RC"]
[PlyCount "55"]
[EventDate "2019.08.05"]
[EventType "swiss"]
[EventCountry "POL"]
[TimeControl "40/5400+30:900+30"]

1. c4 c5 2. Nf3 Nc6 3. Nc3 Nf6 4. g3 g6 5. d4 cxd4 6. Nxd4 Bg7 7. Bg2 O-O 8. O-O a6 9. c5 Qc7 10. Nb3 Re8 11. Bf4 e5 12. Bg5 Re6 13. Bh3 Re8 14. Qd2 b5 15. Bxf6 Bxf6 16. Nd5 Qd8 17. Rfd1 Bg5 18. e3 f5 19. Nb6 Ra7 20. Bg2 Qf6 21. a4 bxa4 22. Rxa4 Kh8 23. Na5 e4 24. Nac4 Rd8 25. Nd6 Bb7 26. b4 Ne5 27. Qd4 h5 28. Qxe5 1-0

[Event "Anderssen Festival 2019"]
[Site "Wroclaw"]
[Date "2019.08.05"]
[Round "1.10"]
[White "Piotrowski, Przemyslaw"]
[Black "Jaworski, Tymon"]
[Result "1-0"]
[ECO "E69"]
[WhiteElo "2273"]
[BlackElo "1598"]
[Annotator "ChessBase"]
[PlyCount "87"]
[EventDate "2019.08.05"]
[EventType "swiss"]
[EventCountry "POL"]
[SourceTitle "playchess.com"]
[Source "ChessBase"]
[SourceQuality "1"]
[TimeControl "40/5400+30:900+30"]

1. d4 Nf6 2. Nf3 g6 3. g3 Bg7 4. Bg2 d6 5. O-O Nbd7 6. c4 O-O 7. Nc3 e5 8. e4 c6 9. h3 Ne8 10. b3 Nc7 11. Be3 Qe7 12. Qd2 Ne6 13. d5 Nc7 14. dxc6 bxc6 15. Rfd1 Ne8 16. b4 f5 17. b5 Ndf6 18. bxc6 Ba6 19. Nd5 Qd8 20. Ng5 Bc8 21. exf5 Bxf5 22. g4 Bc8 23. c7 Nxc7 24. Nxc7 Rb8 25. Nce6 Bxe6 26. Nxe6 Qd7 27. Nxf8 Rxf8 28. Qxd6 Qxd6 29. Rxd6 Rc8 30. c5 Kf7 31. Rb1 Rc7 32. c6 Bf8 33. Rdd1 e4 34. Rb7 Rxb7 35. cxb7 Be7 36. b8=Q h5 37. g5 Nh7 38. Bxe4 Nxg5 39. Bxg5 Bxg5 40. Rd7+ Be7 41. Qe5 g5 42. Qxe7+ Kg8 43. Qf6 g4 44. Bd5# 1-0

[Event "Anderssen Festival 2019"]
[Site "Wroclaw"]
[Date "2019.08.05"]
[Round "1.11"]
[White "Lesniak, Szymon"]
[Black "Nowak, Mikolaj"]
[Result "0-1"]
[ECO "A20"]
[WhiteElo "1534"]
[BlackElo "2230"]
[Annotator "ChessBase"]
[PlyCount "64"]
[EventDate "2019.08.05"]
[EventType "swiss"]
[EventCountry "POL"]
[SourceTitle "playchess.com"]
[Source "ChessBase"]
[SourceQuality "1"]
[TimeControl "40/5400+30:900+30"]

1. c4 e5 2. g3 Nc6 3. Bg2 f5 4. Nc3 Nf6 5. e3 g6 6. d4 d6 7. b4 e4 8. f3 d5 9. a3 a5 10. b5 Ne7 11. Nge2 c6 12. O-O Bh6 13. bxc6 bxc6 14. Rb1 O-O 15. c5 Ba6 16. f4 Qc7 17. Re1 g5 18. Bf1 Kh8 19. Bd2 Rg8 20. fxg5 Bxg5 21. Nf4 Bxf4 22. exf4 Ng6 23. Rb6 Bxf1 24. Rxf1 Nh4 25. Nb5 cxb5 26. Rxf6 Qg7 27. Rd6 Qxd4+ 28. Kh1 e3 29. gxh4 Qe4+ 30. Qf3 Qxf3+ 31. Rxf3 exd2 32. Rd3 Rae8 0-1

[Event "Anderssen Festival 2019"]
[Site "Wroclaw"]
[Date "2019.08.05"]
[Round "1.12"]
[White "Snihur, Piotr"]
[Black "Puchala, Stanislaw"]
[Result "1-0"]
[ECO "E34"]
[WhiteElo "2256"]
[BlackElo "1530"]
[Annotator "ChessBase"]
[PlyCount "41"]
[EventDate "2019.08.05"]
[EventType "swiss"]
[EventCountry "POL"]
[SourceTitle "playchess.com"]
[Source "ChessBase"]
[SourceQuality "1"]
[TimeControl "40/5400+30:900+30"]

1. d4 Nf6 2. c4 e6 3. Nc3 Bb4 4. Qc2 d5 5. cxd5 Nxd5 6. Nf3 c5 7. e4 Nf6 8. a3 cxd4 9. axb4 dxc3 10. bxc3 Qc7 11. Bd3 Nc6 12. O-O O-O 13. b5 Ne5 14. Nxe5 Qxe5 15. f4 Qh5 16. e5 Nd5 17. Rf3 Qh4 18. Ba3 Nxf4 19. Bxf8 Nxd3 20. Qxd3 Kxf8 21. Raf1 1-0

[Event "Anderssen Festival 2019"]
[Site "Wroclaw"]
[Date "2019.08.05"]
[Round "1.13"]
[White "Glotz, Erik"]
[Black "Wieczorek, Zbigniew"]
[Result "0-1"]
[ECO "B06"]
[WhiteElo "1500"]
[BlackElo "2235"]
[Annotator "ChessBase"]
[PlyCount "101"]
[EventDate "2019.08.05"]
[EventType "swiss"]
[EventCountry "POL"]
[SourceTitle "playchess.com"]
[Source "ChessBase"]
[SourceQuality "1"]
[TimeControl "40/5400+30:900+30"]

1. e4 g6 2. Nf3 Bg7 3. d4 c6 4. Nc3 d5 5. Bf4 Bg4 6. h3 Bxf3 7. Qxf3 Nf6 8. e5 Nfd7 9. Bd3 e6 10. Qe3 O-O 11. Bh6 Nxe5 12. Bxg7 Nxd3+ 13. Qxd3 Kxg7 14. O-O Nd7 15. Rfe1 Qb6 16. b3 Rfe8 17. Na4 Qb4 18. c3 Qa5 19. Re3 Rad8 20. c4 dxc4 21. Qc2 cxb3 22. axb3 Nf6 23. Qb2 Qb4 24. Rd1 e5 25. Red3 exd4 26. Rxd4 Rxd4 27. Qxd4 Qxd4 28. Rxd4 Re1+ 29. Kh2 Rb1 30. b4 Nd5 31. Nc5 b6 32. Na6 h5 33. h4 Rb2 34. Kg1 Kf8 35. Rc4 b5 36. Re4 Kg7 37. f3 f5 38. Rd4 Kf6 39. f4 Ke7 40. Kh2 Kd6 41. Kg3 Re2 42. Kf3 Re3+ 43. Kf2 Re4 44. Rxe4 fxe4 45. g3 Ke6 46. Nc5+ Kf5 47. Na6 Kg4 48. Kg2 Ne3+ 49. Kf2 Nc2 50. Kg2 e3 51. Kg1 0-1

[Event "Anderssen Festival 2019"]
[Site "Wroclaw"]
[Date "2019.08.05"]
[Round "1.14"]
[White "Mitchell, Martin"]
[Black "Zimny, Jakub"]
[Result "1-0"]
[ECO "E73"]
[WhiteElo "2218"]
[BlackElo "1417"]
[Annotator "ChessBase"]
[PlyCount "63"]
[EventDate "2019.08.05"]
[EventType "swiss"]
[EventCountry "POL"]
[SourceTitle "playchess.com"]
[Source "ChessBase"]
[SourceQuality "1"]
[TimeControl "40/5400+30:900+30"]

1. d4 Nf6 2. c4 g6 3. Nc3 Bg7 4. e4 d6 5. Be2 O-O 6. Be3 e5 7. d5 Ne8 8. g4 f5 9. gxf5 gxf5 10. exf5 Bxf5 11. Nf3 c5 12. Rg1 e4 13. Ng5 Bxc3+ 14. bxc3 Ng7 15. Bg4 Bg6 16. h4 Qf6 17. Rc1 Kh8 18. h5 Bf5 19. h6 Ne8 20. Qc2 Rg8 21. Bxf5 Qxf5 22. f3 Nd7 23. Qxe4 Rf8 24. Rg4 Qxe4 25. Rxe4 Ne5 26. Ke2 Nf6 27. Rxe5 dxe5 28. Bxc5 Rfc8 29. Rg1 Rc7 30. Bd6 Rd7 31. Bxe5 Re8 32. Ne6 1-0

[Event "Anderssen Festival 2019"]
[Site "Wroclaw"]
[Date "2019.08.05"]
[Round "1.15"]
[White "Rog, Mateusz"]
[Black "Nguyen, Alex Dac-Vuong"]
[Result "1/2-1/2"]
[ECO "B43"]
[WhiteElo "1473"]
[BlackElo "2267"]
[Annotator "ChessBase"]
[PlyCount "92"]
[EventDate "2019.08.05"]
[EventType "swiss"]
[EventCountry "POL"]
[SourceTitle "playchess.com"]
[Source "ChessBase"]
[SourceQuality "1"]
[TimeControl "40/5400+30:900+30"]

1. e4 c5 2. Nf3 e6 3. d4 cxd4 4. Nxd4 a6 5. Nc3 Qc7 6. g3 Bb4 7. Bd2 Nc6 8. Nxc6 bxc6 9. Qg4 Bf8 10. Bg2 Nf6 11. Qe2 a5 12. Bg5 Be7 13. f4 Ba6 14. Qd2 d5 15. O-O-O O-O 16. e5 Ne8 17. h4 Rb8 18. Bf1 Bxf1 19. Bxe7 Qxe7 20. Rdxf1 Qb4 21. Nd1 f6 22. a3 Qc4 23. Re1 fxe5 24. Rxe5 Qa2 25. Qc3 Qa1+ 26. Kd2 Nd6 27. Nf2 Qxb2 28. Qxb2 Nc4+ 29. Kc3 Rxb2 30. Rxe6 Rc8 31. Ra1 Rb7 32. Nd3 c5 33. Ne5 Ne3 34. Re1 d4+ 35. Kd3 Rb2 36. Ra6 Nxc2 37. Re2 c4+ 38. Nxc4 Rb3+ 39. Kxc2 Rc3+ 40. Kb2 R3xc4 41. Rd2 Rb8+ 42. Ka2 Rb5 43. Rd6 Rc3 44. R6xd4 Rxg3 45. Rd8+ Kf7 46. R8d7+ Kg6 1/2-1/2

[Event "Anderssen Festival 2019"]
[Site "Wroclaw"]
[Date "2019.08.05"]
[Round "1.16"]
[White "Kareva, Natalia"]
[Black "Kosior, Jan"]
[Result "1-0"]
[ECO "A50"]
[WhiteElo "2135"]
[BlackElo "1442"]
[Annotator "ChessBase"]
[PlyCount "51"]
[EventDate "2019.08.05"]
[EventType "swiss"]
[EventCountry "POL"]
[SourceTitle "playchess.com"]
[Source "ChessBase"]
[SourceQuality "1"]
[TimeControl "40/5400+30:900+30"]

1. d4 Nf6 2. c4 d5 3. cxd5 Nxd5 4. e4 Nf6 5. Nc3 e6 6. Be3 Bb4 7. Qa4+ Nc6 8. Bb5 Bxc3+ 9. bxc3 Bd7 10. Qc2 a6 11. Be2 Ne7 12. Nf3 Ng6 13. h3 Bc6 14. Nd2 Qd7 15. c4 b6 16. O-O O-O 17. f4 Rfe8 18. e5 Nh4 19. exf6 Bxg2 20. Rf2 Bxh3 21. Rh2 Bf5 22. Bd3 Ng6 23. fxg7 c5 24. Nf3 cxd4 25. Bxd4 Nxf4 26. Rxh7 1-0

[Event "Anderssen Festival 2019"]
[Site "Wroclaw"]
[Date "2019.08.05"]
[Round "1.17"]
[White "Fruth, David"]
[Black "Zgadzaj, Rafal"]
[Result "0-1"]
[ECO "B76"]
[WhiteElo "1425"]
[BlackElo "2133"]
[Annotator "ChessBase"]
[PlyCount "64"]
[EventDate "2019.08.05"]
[EventType "swiss"]
[EventCountry "POL"]
[SourceTitle "playchess.com"]
[Source "ChessBase"]
[SourceQuality "1"]
[TimeControl "40/5400+30:900+30"]

1. e4 c5 2. Nf3 d6 3. d4 cxd4 4. Nxd4 Nf6 5. f3 g6 6. Nc3 Bg7 7. Be3 O-O 8. Bc4 Nc6 9. O-O Bd7 10. Qd2 Rc8 11. Nxc6 bxc6 12. a4 Qc7 13. Rfd1 Rb8 14. b3 Rfd8 15. Bg5 Be8 16. Bf4 Qa5 17. Nd5 Qxd2 18. Nxe7+ Kf8 19. Nxg6+ hxg6 20. Rxd2 Nxe4 21. fxe4 Bxa1 22. Bxd6+ Kg8 23. Rd3 Rb7 24. Bc5 Rxd3 25. Bxd3 Rd7 26. Kf1 Bd4 27. Bxd4 Rxd4 28. Ke2 c5 29. Ke3 Kg7 30. c3 Rd8 31. Ke2 Kf6 32. c4 Ke5 0-1

[Event "Anderssen Festival 2019"]
[Site "Wroclaw"]
[Date "2019.08.05"]
[Round "1.18"]
[White "Gorny, Michael"]
[Black "Stefanski, Adam"]
[Result "1-0"]
[ECO "A00"]
[WhiteElo "2067"]
[BlackElo "1423"]
[Annotator "NA"]
[PlyCount "135"]
[EventDate "2019.08.05"]
[EventType "swiss"]
[EventCountry "POL"]
[SourceTitle "playchess.com"]
[Source "ChessBase"]
[SourceQuality "1"]
[TimeControl "40/5400+30:900+30"]

1. g3 Nf6 2. Bg2 d6 3. d4 g6 4. e4 Bg7 5. Nc3 Nbd7 6. Be3 e5 7. d5 O-O 8. Nh3 Nc5 9. f3 a5 10. Qd2 Rb8 11. a4 c6 12. O-O Na6 13. Nf2 Qc7 14. Rfc1 Re8 15. Ra3 b5 16. axb5 cxb5 17. Raa1 Bd7 18. Bf1 a4 19. Na2 Nc5 20. Nb4 Rb7 21. Nfd3 Ra8 22. Qf2 Bf8 23. Ra3 Be8 24. Rc3 Nfd7 25. Qd2 Nb6 26. Nf2 Rc8 27. g4 Qe7 28. g5 f6 29. gxf6 Qxf6 30. Bg5 Qg7 31. Ng4 Be7 32. h4 Rbc7 33. Bh3 Bd7 34. Nc6 Bxg5 35. hxg5 Bxg4 36. Bxg4 Nc4 37. Qe2 Rf8 38. b3 Nb6 39. Qxb5 Nc8 40. b4 Rb7 41. Qe2 Nd7 42. Ra1 Ndb6 43. Rca3 h5 44. Be6+ Kh8 45. c4 Na7 46. Nxa7 Rxa7 47. c5 dxc5 48. bxc5 Nd7 49. Qe3 Qe7 50. c6 Nc5 51. Bh3 Rf4 52. Bg2 Rf7 53. Rd1 Qd6 54. Rc3 Ne6 55. Rb1 Nd4 56. Rc4 a3 57. Rxd4 exd4 58. Qxd4+ Kh7 59. e5 a2 60. Ra1 Qe7 61. f4 Qc7 62. d6 Qb8 63. Kh2 h4 64. c7 Qc8 65. Bh3 Qa6 66. c8=Q Qe2+ 67. Bg2 h3 68. Qxh3+ 1-0

[Event "Anderssen Festival 2019"]
[Site "Wroclaw"]
[Date "2019.08.05"]
[Round "1.19"]
[White "Urbaniak, Marcin"]
[Black "Malecki, Rafal"]
[Result "0-1"]
[ECO "B00"]
[WhiteElo "1374"]
[BlackElo "2063"]
[Annotator "NA"]
[PlyCount "108"]
[EventDate "2019.08.05"]
[EventType "swiss"]
[EventCountry "POL"]
[SourceTitle "playchess.com"]
[Source "ChessBase"]
[SourceQuality "1"]
[TimeControl "40/5400+30:900+30"]

1. e4 d6 2. d4 g6 3. Nf3 Bg7 4. Bc4 Nf6 5. Nc3 c6 6. a4 O-O 7. O-O d5 8. exd5 cxd5 9. Ba2 Bg4 10. h3 Bxf3 11. Qxf3 e6 12. Bf4 Nc6 13. Rfd1 Qb6 14. Nb5 Rfc8 15. c4 dxc4 16. Nd6 Rd8 17. Nxc4 Nxd4 18. Qe3 Qc5 19. Be5 Ne8 20. b4 Qxb4 21. Bxd4 Qxa4 22. Bb3 Bxd4 23. Bxa4 Bxe3 24. Nxe3 Nd6 25. Rab1 Rab8 26. Rd2 Kf8 27. Rc1 b5 28. Bd1 Rb6 29. Rc7 a5 30. Ra7 a4 31. Rb2 Rdb8 32. Rb4 Nc8 33. Ra5 Ne7 34. Bf3 f5 35. Nc2 e5 36. Rb1 Nc6 37. Bxc6 Rxc6 38. Nb4 Rc4 39. Nd3 e4 40. Ne5 Rc7 41. Rxa4 bxa4 42. Rxb8+ Ke7 43. Rb6 Rc1+ 44. Kh2 a3 45. Ra6 Rc2 46. Rxa3 Rxf2 47. Re3 Kd6 48. Nc4+ Kd5 49. Kg3 Rf1 50. Nd2 f4+ 51. Kh2 fxe3 52. Nxf1 e2 53. Ne3+ Kd4 54. Nc2+ Kc3 0-1

[Event "Anderssen Festival 2019"]
[Site "Wroclaw"]
[Date "2019.08.05"]
[Round "1.20"]
[White "Verwoert, Jef"]
[Black "Zarzycki, Lukasz"]
[Result "1-0"]
[ECO "A05"]
[WhiteElo "2034"]
[BlackElo "1397"]
[Annotator "NA"]
[PlyCount "95"]
[EventDate "2019.08.05"]
[EventType "swiss"]
[EventCountry "POL"]
[SourceTitle "playchess.com"]
[Source "ChessBase"]
[SourceQuality "1"]
[TimeControl "40/5400+30:900+30"]

1. Nf3 Nf6 2. g3 c5 3. Bg2 g6 4. O-O Bg7 5. c4 O-O 6. Nc3 d5 7. cxd5 Nxd5 8. Nxd5 Qxd5 9. d3 Qd7 10. Qc2 Qc7 11. d4 Na6 12. Bf4 Qb6 13. dxc5 Qxc5 14. Qb3 e5 15. Rac1 Qe7 16. Bg5 Qe6 17. Nd2 Qxb3 18. Nxb3 f6 19. Be3 Rd8 20. Rfd1 Bg4 21. Bd5+ Rxd5 22. Rxd5 Bxe2 23. Rd7 b6 24. a3 Bg4 25. Rd2 Be6 26. Rc3 Bf8 27. f4 e4 28. Nd4 Bd7 29. Nc6 Be8 30. b4 f5 31. Bd4 Nc7 32. Ne7+ Bxe7 33. Rxc7 Kf7 34. Kf2 h5 35. h3 Ke6 36. Be5 a5 37. Rb7 axb4 38. Rxb6+ Kf7 39. axb4 Ra4 40. Bd6 Ra3 41. Rc2 Bxd6 42. Rxd6 Rf3+ 43. Kg2 h4 44. Rc7+ Kf8 45. gxh4 Rxf4 46. Rf6+ Kg8 47. Re6 Kf8 48. Rc8 1-0

[Event "Anderssen Festival 2019"]
[Site "Wroclaw"]
[Date "2019.08.06"]
[Round "2.1"]
[White "Gutenev, Alexander"]
[Black "Piekielny, Pawel"]
[Result "1-0"]
[ECO "C11"]
[WhiteElo "2470"]
[BlackElo "1985"]
[Annotator "ChessBase"]
[PlyCount "75"]
[EventDate "2019.08.05"]
[EventType "swiss"]
[EventCountry "POL"]
[SourceTitle "playchess.com"]
[Source "ChessBase"]
[SourceQuality "1"]
[TimeControl "40/5400+30:900+30"]

1. e4 e6 2. d4 d5 3. Nc3 Nf6 4. e5 Nfd7 5. f4 c5 6. Nf3 Qb6 7. Na4 Qc6 8. Nc3 Qb6 9. Be3 a6 10. Na4 Qa5+ 11. c3 cxd4 12. b4 Qc7 13. Qxd4 Nc6 14. Qd2 b5 15. Nb2 f6 16. a4 Rb8 17. axb5 axb5 18. Be2 fxe5 19. fxe5 Be7 20. O-O O-O 21. Nd4 Nxd4 22. Bxd4 Nxe5 23. Ra7 Rxf1+ 24. Bxf1 Rb7 25. Rxb7 Bxb7 26. Qe3 Bf6 27. Bxb5 Kf7 28. Qg3 Qb8 29. Qh3 Ng6 30. Bxf6 Kxf6 31. Nd3 Qa7+ 32. Nc5 Qa1+ 33. Bf1 Bc8 34. Qe3 Qb1 35. Nd3 Bd7 36. h4 Bb5 37. Qf2+ Ke7 38. Qc5+ 1-0

[Event "Anderssen Festival 2019"]
[Site "Wroclaw"]
[Date "2019.08.06"]
[Round "2.2"]
[White "Jablonska, Sabina"]
[Black "Chernyshov, Konstantin"]
[Result "0-1"]
[ECO "A40"]
[WhiteElo "1963"]
[BlackElo "2446"]
[Annotator "NA"]
[PlyCount "60"]
[EventDate "2019.08.05"]
[EventType "swiss"]
[EventCountry "POL"]
[SourceTitle "playchess.com"]
[Source "ChessBase"]
[SourceQuality "1"]
[TimeControl "40/5400+30:900+30"]

1. d4 e6 2. Nf3 Nf6 3. Bf4 c5 4. c3 Qb6 5. Qb3 d5 6. e3 Bd7 7. Nbd2 c4 8. Qc2 Bc6 9. Ne5 Nbd7 10. Be2 Be7 11. g4 Nxe5 12. Bxe5 O-O 13. Bxf6 Bxf6 14. Nf3 Qa5 15. h4 b5 16. g5 Be7 17. Ne5 Be8 18. f4 b4 19. Bd1 Rb8 20. Kd2 bxc3+ 21. bxc3 Qa3 22. Rb1 Ba4 23. Qc1 Qxa2+ 24. Bc2 Ba3 25. Qd1 Rb2 26. Rxb2 Qxb2 27. Nf3 Rb8 28. Rh2 Bxc2 29. Qxc2 Qa1 30. Qd1 Rb1 0-1

[Event "Anderssen Festival 2019"]
[Site "Wroclaw"]
[Date "2019.08.06"]
[Round "2.3"]
[White "Butkiewicz, Lukasz"]
[Black "Partoens, Remi"]
[Result "1-0"]
[ECO "D34"]
[WhiteElo "2425"]
[BlackElo "1957"]
[Annotator "NA"]
[PlyCount "113"]
[EventDate "2019.08.05"]
[EventType "swiss"]
[EventCountry "POL"]
[SourceTitle "playchess.com"]
[Source "ChessBase"]
[SourceQuality "1"]
[TimeControl "40/5400+30:900+30"]

1. d4 Nf6 2. Nf3 e6 3. c4 d5 4. Nc3 c5 5. cxd5 exd5 6. g3 Nc6 7. Bg2 Be7 8. O-O O-O 9. dxc5 Bxc5 10. Bg5 d4 11. Na4 Be7 12. Rc1 h6 13. Bxf6 Bxf6 14. Qd2 Bg4 15. Nc5 Qe7 16. h3 Bh5 17. Rfe1 Rfd8 18. Nh2 Rac8 19. Ng4 Bxg4 20. hxg4 b6 21. Nd3 Ne5 22. Nxe5 Qxe5 23. Qd3 Qe6 24. Rxc8 Rxc8 25. Qa6 Rc7 26. Bf3 g6 27. Rd1 Kg7 28. b3 Qe5 29. Kg2 Rc2 30. Qxa7 Rxe2 31. Bxe2 Qxe2 32. Rf1 d3 33. Qb7 d2 34. Qf3 Qe1 35. a4 Bd4 36. b4 Qc1 37. a5 bxa5 38. bxa5 Qc5 39. a6 Qc4 40. Rd1 Qxa6 41. Rxd2 Qa1 42. Qd5 Bb6 43. Re2 Qf6 44. Qe5 Qxe5 45. Rxe5 Bd4 46. Rd5 Ba1 47. Kf3 g5 48. Ke4 Kg6 49. Rd6+ f6 50. Rd7 Be5 51. f4 gxf4 52. gxf4 Bb2 53. f5+ Kg5 54. Rg7+ Kh4 55. Rg6 Kg3 56. Rxh6 Kxg4 57. Rg6+ 1-0

[Event "Anderssen Festival 2019"]
[Site "Wroclaw"]
[Date "2019.08.06"]
[Round "2.4"]
[White "Harutyunyan, Axel"]
[Black "Lalic, Bogdan"]
[Result "0-1"]
[ECO "B21"]
[WhiteElo "2017"]
[BlackElo "2411"]
[Annotator "NA"]
[PlyCount "44"]
[EventDate "2019.08.05"]
[EventType "swiss"]
[EventCountry "POL"]
[SourceTitle "playchess.com"]
[Source "ChessBase"]
[SourceQuality "1"]
[TimeControl "40/5400+30:900+30"]

1. e4 c5 2. d4 cxd4 3. c3 dxc3 4. Nxc3 Nc6 5. Nf3 d6 6. Bc4 e6 7. O-O a6 8. a4 Be7 9. Qe2 Nf6 10. Rd1 Bd7 11. Bf4 e5 12. Bg5 Bg4 13. Rd3 Nd4 14. Qd2 Bxf3 15. gxf3 Rc8 16. Ba2 Nh5 17. Bxe7 Qxe7 18. Nd5 Qh4 19. Rxd4 exd4 20. Qxd4 O-O 21. Kh1 Rc2 22. Rf1 Ng3+ 0-1

[Event "Anderssen Festival 2019"]
[Site "Wroclaw"]
[Date "2019.08.06"]
[Round "2.5"]
[White "Lugovskoy, Maxim"]
[Black "Korpalski, Maciej"]
[Result "1-0"]
[ECO "C47"]
[WhiteElo "2425"]
[BlackElo "1954"]
[Annotator "NA"]
[PlyCount "39"]
[EventDate "2019.08.05"]
[EventType "swiss"]
[EventCountry "POL"]
[SourceTitle "playchess.com"]
[Source "ChessBase"]
[SourceQuality "1"]
[TimeControl "40/5400+30:900+30"]

1. e4 e5 2. Nf3 Nc6 3. Nc3 Nf6 4. d4 exd4 5. Nxd4 Bb4 6. Nxc6 bxc6 7. Bd3 O-O 8. O-O d5 9. exd5 cxd5 10. h3 h6 11. Qf3 c6 12. Ne2 Bd6 13. Bf4 Rb8 14. b3 Qc7 15. Bxh6 gxh6 16. Qxf6 Be5 17. Qxh6 f5 18. Qg5+ Kh8 19. Rae1 c5 20. Ng3 1-0

[Event "Anderssen Festival 2019"]
[Site "Wroclaw"]
[Date "2019.08.06"]
[Round "2.6"]
[White "Naumkin, Igor"]
[Black "Barbier, Astrid"]
[Result "1-0"]
[ECO "A80"]
[WhiteElo "2368"]
[BlackElo "1941"]
[Annotator "NA"]
[PlyCount "75"]
[EventDate "2019.08.05"]
[EventType "swiss"]
[EventCountry "POL"]
[SourceTitle "playchess.com"]
[Source "ChessBase"]
[SourceQuality "1"]
[TimeControl "40/5400+30:900+30"]

1. d4 f5 2. Nf3 Nf6 3. Bg5 g6 4. Bxf6 exf6 5. e3 d5 6. c4 c6 7. Nc3 Be6 8. cxd5 cxd5 9. Be2 Bg7 10. O-O O-O 11. Ne1 Nc6 12. Nd3 Ne7 13. Nc5 Bc8 14. Bf3 b6 15. Nd3 Bb7 16. Qb3 Qd7 17. Rac1 Kh8 18. g3 Rab8 19. Bg2 Rfd8 20. Nf4 Bc6 21. a3 Bf8 22. Rc2 Kg7 23. Rfc1 Kh6 24. Bf1 Rbc8 25. Ba6 Bb7 26. Bxb7 Qxb7 27. Nb5 a6 28. Rxc8 Rxc8 29. Rxc8 Qxc8 30. Nc3 g5 31. Nfxd5 Nxd5 32. Qxd5 Bg7 33. Qd6 b5 34. d5 Qb7 35. Qc6 Qb8 36. d6 Bf8 37. d7 Qd8 38. Nd5 1-0

[Event "Anderssen Festival 2019"]
[Site "Wroclaw"]
[Date "2019.08.06"]
[Round "2.7"]
[White "Kowalczuk, Mikolaj"]
[Black "Skliarov, Viktor"]
[Result "0-1"]
[ECO "E44"]
[WhiteElo "1942"]
[BlackElo "2360"]
[Annotator "NA"]
[PlyCount "84"]
[EventDate "2019.08.05"]
[EventType "swiss"]
[EventCountry "POL"]
[SourceTitle "playchess.com"]
[Source "ChessBase"]
[SourceQuality "1"]
[TimeControl "40/5400+30:900+30"]

1. d4 Nf6 2. c4 e6 3. Nc3 Bb4 4. e3 b6 5. Nge2 Ne4 6. Bd2 Nxd2 7. Qxd2 O-O 8. a3 Be7 9. g3 Ba6 10. Nf4 c6 11. b4 Bg5 12. b5 Bxf4 13. exf4 Bb7 14. Bg2 d5 15. bxc6 Nxc6 16. cxd5 Na5 17. Rd1 exd5 18. O-O Nc4 19. Qa2 Qd6 20. a4 a6 21. Rfe1 Bc6 22. Qb3 Rab8 23. Re2 b5 24. axb5 axb5 25. f5 b4 26. Ne4 dxe4 27. Qxc4 Bb5 28. Qa2 b3 29. Qb2 Bxe2 30. Qxe2 Rfe8 31. Bxe4 Qe7 32. f3 b2 33. Qd3 Rec8 34. Rb1 Rc1+ 35. Kg2 Rxb1 36. Qxb1 Qb4 37. f6 Qd2+ 38. Kh3 Qh6+ 39. Kg2 Qxf6 40. Bxh7+ Kh8 41. Be4 Qxd4 42. Qa2 Qxe4 0-1

[Event "Anderssen Festival 2019"]
[Site "Wroclaw"]
[Date "2019.08.06"]
[Round "2.8"]
[White "Dubinski, Mateusz"]
[Black "Krawiecki, Stanislaw"]
[Result "1/2-1/2"]
[ECO "D78"]
[WhiteElo "2306"]
[BlackElo "1923"]
[Annotator "NA"]
[PlyCount "95"]
[EventDate "2019.08.05"]
[EventType "swiss"]
[EventCountry "POL"]
[SourceTitle "playchess.com"]
[Source "ChessBase"]
[SourceQuality "1"]
[TimeControl "40/5400+30:900+30"]

1. d4 Nf6 2. g3 g6 3. Bg2 d5 4. Nf3 Bg7 5. O-O O-O 6. c4 c6 7. Nbd2 Ne4 8. b3 Bg4 9. Bb2 Bxf3 10. Nxf3 Nd7 11. Ne1 e6 12. Nd3 f5 13. e3 b5 14. cxb5 cxb5 15. Ba3 Re8 16. f3 Nef6 17. Qd2 Qb6 18. Rac1 Rec8 19. Bb4 Qb7 20. Rfe1 Rxc1 21. Rxc1 Rc8 22. Bf1 Ne8 23. Rxc8 Qxc8 24. Nf4 Qc6 25. Qc3 Qxc3 26. Bxc3 Nc7 27. Ba5 Nb6 28. Nd3 Na6 29. Nb4 Nxb4 30. Bxb4 a6 31. Ba5 Nc8 32. a4 Nd6 33. Kf2 Kf7 34. Ke1 Ke8 35. Bd3 Kd7 36. Bb4 Kc6 37. Bxd6 Kxd6 38. axb5 axb5 39. Bxb5 e5 40. dxe5+ Bxe5 41. Ke2 d4 42. f4 Bf6 43. h4 dxe3 44. Kxe3 Bd8 45. b4 Bb6+ 46. Kf3 Ke6 47. Bd3 h5 48. b5 {Ke5 Ke4+} 1/2-1/2

[Event "Anderssen Festival 2019"]
[Site "Wroclaw"]
[Date "2019.08.06"]
[Round "2.9"]
[White "Kawalko, Adam"]
[Black "Piotrowski, Przemyslaw"]
[Result "0-1"]
[ECO "B67"]
[WhiteElo "1920"]
[BlackElo "2273"]
[Annotator "NA"]
[PlyCount "68"]
[EventDate "2019.08.05"]
[EventType "swiss"]
[EventCountry "POL"]
[SourceTitle "playchess.com"]
[Source "ChessBase"]
[SourceQuality "1"]
[TimeControl "40/5400+30:900+30"]

1. e4 c5 2. Nf3 Nc6 3. d4 cxd4 4. Nxd4 Nf6 5. Nc3 d6 6. Bg5 e6 7. Qd2 a6 8. O-O-O Bd7 9. f4 b5 10. Bxf6 gxf6 11. Kb1 Qb6 12. Nxc6 Bxc6 13. f5 Qc5 14. Bd3 h5 15. Qe1 b4 16. Nd5 Bxd5 17. exd5 e5 18. Qh4 Ke7 19. Rhe1 Bh6 20. Re4 a5 21. Rc4 Qa7 22. Rc6 Be3 23. Qc4 Bc5 24. Be4 a4 25. Rd3 Rhb8 26. Bf3 Ke8 27. Bd1 Qa5 28. Rxc5 Qxc5 29. Qxc5 dxc5 30. Bxh5 b3 31. cxb3 axb3 32. axb3 Rb4 33. Bf3 Kd7 34. d6 e4 0-1

[Event "Anderssen Festival 2019"]
[Site "Wroclaw"]
[Date "2019.08.06"]
[Round "2.10"]
[White "Nowak, Mikolaj"]
[Black "Auwens, Michel"]
[Result "1-0"]
[ECO "A02"]
[WhiteElo "2230"]
[BlackElo "1879"]
[Annotator "NA"]
[PlyCount "45"]
[EventDate "2019.08.05"]
[EventType "swiss"]
[EventCountry "POL"]
[SourceTitle "playchess.com"]
[Source "ChessBase"]
[SourceQuality "1"]
[TimeControl "40/5400+30:900+30"]

1. f4 d6 2. Nf3 Nd7 3. e4 e5 4. Bc4 Be7 5. d3 c6 6. O-O Ngf6 7. Nc3 O-O 8. a4 Rb8 9. h3 exf4 10. Bxf4 b6 11. g4 Qc7 12. Qd2 Ne5 13. Ba2 Ba6 14. Qh2 Nfd7 15. Nd4 Ng6 16. Nf5 Nde5 17. Bg3 Rbd8 18. Rf2 Kh8 19. d4 Nc4 20. b3 Na5 21. h4 Kg8 22. h5 Nh8 23. b4 1-0

[Event "Anderssen Festival 2019"]
[Site "Wroclaw"]
[Date "2019.08.06"]
[Round "2.11"]
[White "Glotz, Uwe"]
[Black "Snihur, Piotr"]
[Result "0-1"]
[ECO "B44"]
[WhiteElo "1843"]
[BlackElo "2256"]
[Annotator "NA"]
[PlyCount "48"]
[EventDate "2019.08.05"]
[EventType "swiss"]
[EventCountry "POL"]
[SourceTitle "playchess.com"]
[Source "ChessBase"]
[SourceQuality "1"]
[TimeControl "40/5400+30:900+30"]

1. e4 c5 2. Nf3 e6 3. d4 cxd4 4. Nxd4 Nc6 5. Nxc6 bxc6 6. a3 Nf6 7. Nc3 d5 8. exd5 cxd5 9. Bg5 Be7 10. Bb5+ Bd7 11. Bxd7+ Qxd7 12. O-O O-O 13. Qd4 Rfc8 14. Rfc1 Rc4 15. Qd3 Rac8 16. Ne2 Qc7 17. c3 Ng4 18. Bxe7 Qxh2+ 19. Kf1 Qh1+ 20. Ng1 Re4 21. Bd6 e5 22. f3 Ne3+ 23. Ke1 Qxg1+ 24. Kd2 Qf2+ 0-1